[Event "ICC tourney 2545 (5 3)"]
[Site "Internet Chess Club"]
[Date "2021.04.11"]
[Round "4"]
[White "dashriprock"]
[Black "HenrikL"]
[Result "0-1"]
[ICCResult "White resigns"]
[WhiteElo "1450"]
[BlackElo "1762"]
[Opening "King's Indian: fianchetto without c4"]
[ECO "A49"]
[NIC "QP.06"]
[Time "15:20:26"]
[TimeControl "300+3"]

1. d4 Nf6 2. Nf3 g6 3. g3 Bg7 4. Bg2 O-O 5. O-O c5 6. d5 e6 7. dxe6 fxe6 8.
c4 Nc6 9. Nc3 d5 10. cxd5 exd5 11. e3 h6 12. Qc2 Bf5 13. Qe2 Qe7 14. Nh4 Qe6
15. Nxf5 gxf5 16. Rd1 Rad8 17. b3 Ne4 18. Bxe4 dxe4 19. Bb2 Ne5 20. Kg2 Nf3
21. Na4 Qg6 22. Bxg7 Kxg7 23. Nxc5 Qh5 24. h3 Nh4+ 25. gxh4 Qxe2 26. Ne6+
Kh8 27. Nxd8 Rg8+ 28. Kh1 Qf3+ {White resigns} 0-1

[Event "ICC tourney 2545 (5 3)"]
[Site "Internet Chess Club"]
[Date "2021.04.11"]
[Round "4"]
[White "Draconian"]
[Black "Arystanner23"]
[Result "1-0"]
[ICCResult "Black resigns"]
[WhiteElo "1839"]
[BlackElo "1831"]
[Opening "French: Steinitz, Boleslavsky variation"]
[ECO "B12"]
[NIC "CK.02"]
[Time "15:19:29"]
[TimeControl "300+3"]

1. e4 c6 2. d4 d5 3. f3 e6 4. Nc3 Nf6 5. e5 Nfd7 6. f4 c5 7. Nf3 Nc6 8. Be3
Be7 9. Be2 O-O 10. O-O b6 11. Bb5 Bb7 12. f5 cxd4 13. Nxd4 Nxd4 14. Bxd4
exf5 15. Rxf5 g6 16. Rf1 Nc5 17. Qg4 Ne6 18. Ne2 Bc5 19. c3 Qg5 20. Qxg5
Nxg5 21. Nf4 Rac8 22. h4 Ne4 23. e6 Bxd4+ 24. cxd4 fxe6 25. Nxe6 Rxf1+ 26.
Rxf1 Ng3 27. Rf3 Nf5 28. Bd7 Rc1+ 29. Kh2 Bc6 30. g4 Bxd7 31. gxf5 Bxe6 32.
fxe6 Re1 33. Rf6 Re4 34. Kg3 Rxd4 35. e7 Re4 36. Rf8+ Kg7 37. e8=Q Rxe8 38.
Rxe8 {Black resigns} 1-0

[Event "ICC tourney 2545 (5 3)"]
[Site "Internet Chess Club"]
[Date "2021.04.11"]
[Round "4"]
[White "rishik99"]
[Black "aronsp"]
[Result "1-0"]
[ICCResult "Black resigns"]
[WhiteElo "1312"]
[BlackElo "1387"]
[Opening "Sicilian: Alapin's variation (2.c3)"]
[ECO "B22"]
[NIC "SI.46"]
[Time "15:19:23"]
[TimeControl "300+3"]

1. e4 c5 2. c3 Nc6 3. d4 cxd4 4. cxd4 d6 5. Nc3 Nf6 6. Nf3 g6 7. Bb5 Bd7 8.
O-O Bg7 9. Be3 O-O 10. Qd2 a6 11. Ba4 b5 12. Bb3 Rc8 13. a3 Ng4 14. Bf4 Qb6
15. h3 Nf6 16. Bh6 Na5 17. Bc2 Nc4 18. Qc1 Rfe8 19. Bxg7 Kxg7 20. Rb1 Rf8
21. Nd2 Nxd2 22. Qxd2 Qb7 23. f4 e6 24. e5 dxe5 25. fxe5 Nd5 26. Ne4 Qc7 27.
Bb3 Nb6 28. Nd6 Rcd8 29. Rbc1 Qa7 30. Qg5 Bc8 31. Rxf7+ Rxf7 32. Qxd8 Rd7
33. Qf6+ Kg8 34. Nxc8 Qb7 35. Bxe6+ Rf7 36. Bxf7+ Qxf7 37. Qxf7+ Kxf7 38.
Nxb6 {Black resigns} 1-0

[Event "ICC tourney 2545 (5 3)"]
[Site "Internet Chess Club"]
[Date "2021.04.11"]
[Round "4"]
[White "jps7"]
[Black "cap78red"]
[Result "1-0"]
[ICCResult "Black checkmated"]
[WhiteElo "1505"]
[BlackElo "1398"]
[Opening "King's Indian: East Indian defense"]
[ECO "A48"]
[NIC "QP.06"]
[Time "15:19:18"]
[TimeControl "300+3"]

1. d4 Nf6 2. Nf3 g6 3. e3 d5 4. Bd3 Ne4 5. h3 Nc6 6. a3 Bg7 7. O-O e5 8.
Nbd2 f5 9. dxe5 Nxe5 10. Nxe5 Bxe5 11. Nxe4 fxe4 12. Be2 O-O 13. Bg4 h5 14.
Bxc8 Rxc8 15. c3 c6 16. Qb3 b5 17. Bd2 Bb8 18. f4 exf3 19. Rxf3 Rxf3 20.
gxf3 Qg5+ 21. Kf2 Qg3+ 22. Ke2 Qg2+ 23. Kd3 Qxf3 24. Re1 Qe4+ 25. Ke2 Qc4+
26. Qxc4 dxc4 27. e4 Be5 28. Be3 Re8 29. Bxa7 Bg3 30. Rg1 Rxe4+ 31. Kf3 Re7
32. Bc5 Re5 33. Bd6 Bh2 34. Rxg6+ Kf7 35. Bxe5 Bxe5 36. Rxc6 Ke7 37. Rc5 Bd6
38. Rxb5 h4 39. Rh5 Kd7 40. Rxh4 Kc6 41. Rxc4+ Kb5 42. Rd4 Bc5 43. Rd5 Kc4
44. Ke4 Be7 45. Rd3 Kb3 46. Rd2 Ka4 47. Re2 Kb3 48. Kd3 Bf8 49. h4 Bh6 50.
h5 Bc1 51. c4 Ka2 52. b4+ Kxa3 53. b5 Bf4 54. b6 Kb4 55. b7 Kc5 56. Re8 Kc6
57. b8=Q Bxb8 58. Rxb8 Kd6 59. Re8 Kd7 60. Re1 Kd6 61. h6 Kc5 62. h7 Kb4 63.
h8=Q Kc5 64. Qd8 Kc6 65. Re6+ Kc5 66. Qd5+ Kb4 67. Rb6+ Ka4 68. Qa8#
{Black checkmated}
1-0

[Event "ICC tourney 2545 (5 3)"]
[Site "Internet Chess Club"]
[Date "2021.04.11"]
[Round "4"]
[White "B-Amin"]
[Black "Kimster98"]
[Result "0-1"]
[ICCResult "White resigns"]
[WhiteElo "2766"]
[BlackElo "2081"]
[Opening "Petrov: Nimzovich attack"]
[ECO "C42"]
[NIC "RG.03"]
[Time "15:19:54"]
[TimeControl "300+3"]

1. e4 e5 2. Nf3 Nf6 3. Nxe5 d6 4. Nf3 Nxe4 5. Nc3 Nxc3 6. dxc3 Be7 7. Be3
O-O 8. Bd3 Nd7 9. Qe2 Nc5 10. Bxc5 dxc5 11. O-O-O Bd6 12. Qe4 g6 13. Rhe1
Rb8 14. c4 Qf6 15. Kb1 Qf4 16. g3 Qxe4 17. Rxe4 Bf5 18. Rh4 Bd7 19. Ng5 Be7
20. f4 h5 21. Bxg6 fxg6 22. Rxd7 Bxg5 23. Rh3 Rbd8 24. Rd5 c6 25. Rd3 Bf6
26. a4 Rxd3 27. cxd3 Re8 28. f5 Kg7 29. fxg6 Kxg6 {White resigns} 0-1

[Event "ICC tourney 2545 (5 3)"]
[Site "Internet Chess Club"]
[Date "2021.04.11"]
[Round "4"]
[White "Dingsparov"]
[Black "JaimeVeloso"]
[Result "1-0"]
[ICCResult "Black resigns"]
[WhiteElo "1519"]
[BlackElo "1303"]
[Opening "Ruy Lopez: exchange variation, 5.O-O"]
[ECO "C68"]
[NIC "RL.08"]
[Time "15:20:32"]
[TimeControl "300+3"]

1. e4 e5 2. Nf3 Nc6 3. Bb5 a6 4. Bxc6 dxc6 5. O-O Bg4 6. c3 Bd6 7. h3 Bh5 8.
d3 Qe7 9. Be3 O-O-O 10. Nbd2 h6 11. Qc2 g5 12. Nh2 Bg6 13. a4 f5 14. exf5
Bxf5 15. Ne4 Nf6 16. b4 Nd5 17. Bd2 Rhg8 18. b5 cxb5 19. axb5 axb5 20. Ra8+
Kd7 21. Rxd8+ Rxd8 22. Qb3 Be6 23. Qxb5+ Kc8 24. Rb1 Nb6 25. Be3 Bd7 26. Qa5
Bc6 27. Bxb6 cxb6 28. Qxb6 Bc7 29. Qa7 Rxd3 30. Nc5 Rd8 31. Nxb7 Bxb7 32.
Qxb7+ Kd7 33. Rd1+ Ke8 34. Qc6+ Kf7 35. Qf3+ Kg6 36. Rxd8 Qxd8 37. Qe4+ Kg7
38. Ng4 Qd6 39. c4 h5 40. Ne3 Qd4 41. Nf5+ Kf6 42. Nxd4 {Black resigns} 1-0

[Event "ICC tourney 2545 (5 3)"]
[Site "Internet Chess Club"]
[Date "2021.04.11"]
[Round "4"]
[White "AbhinavSinha19"]
[Black "babakay"]
[Result "0-1"]
[ICCResult "White resigns"]
[WhiteElo "1202"]
[BlackElo "1335"]
[Opening "Philidor: exchange variation"]
[ECO "C41"]
[NIC "KP.08"]
[Time "15:20:06"]
[TimeControl "300+3"]

1. e4 e5 2. Nf3 d6 3. d4 exd4 4. Nxd4 Nf6 5. Nc3 Be7 6. Bd3 c6 7. Bf4 O-O 8.
O-O Qb6 9. Nb3 Na6 10. Be3 Nc5 11. Na4 Qb4 12. Naxc5 dxc5 13. c3 Qb6 14. a4
a5 15. Rb1 Be6 16. Nd2 Rad8 17. Bc2 Ng4 18. h3 Nxe3 19. fxe3 c4 20. e5 Qxe3+
21. Rf2 Bc5 22. Qf3 Qxd2 23. Kf1 Bxf2 24. Qxf2 Qxf2+ 25. Kxf2 Rd2+
{White resigns}
0-1

[Event "ICC tourney 2545 (5 3)"]
[Site "Internet Chess Club"]
[Date "2021.04.11"]
[Round "4"]
[White "ranadiw"]
[Black "joshwang2000"]
[Result "1-0"]
[ICCResult "Black resigns"]
[WhiteElo "1152"]
[BlackElo "1274"]
[Opening "Sicilian: closed"]
[ECO "B23"]
[NIC "SI.44"]
[Time "15:19:41"]
[TimeControl "300+3"]

1. e4 c5 2. Nc3 d6 3. g3 Nf6 4. Bg2 g6 5. Nge2 Bg7 6. O-O O-O 7. d3 Nc6 8.
h3 Be6 9. Kh2 Nd7 10. g4 a6 11. Ng3 Nd4 12. f4 f5 13. gxf5 gxf5 14. Nce2
Nxe2 15. Qxe2 fxe4 16. Bxe4 d5 17. Bxh7+ Kxh7 18. Qxe6 Nf6 19. Qf5+ Kg8 20.
Rg1 Qd7 21. Qg6 Qe8 22. Qg5 Qf7 23. Nf5 Nh5 24. Nh6+ {Black resigns} 1-0

[Event "ICC tourney 2545 (5 3)"]
[Site "Internet Chess Club"]
[Date "2021.04.11"]
[Round "4"]
[White "chess2thesun"]
[Black "QvC"]
[Result "1-0"]
[ICCResult "Black resigns"]
[WhiteElo "2193"]
[BlackElo "2351"]
[Opening "Sicilian: Scheveningen (Paulsen), classical variation"]
[ECO "B84"]
[NIC "SI.23"]
[Time "15:19:12"]
[TimeControl "300+3"]

1. e4 c5 2. Nf3 e6 3. d4 cxd4 4. Nxd4 a6 5. Be2 Nf6 6. Nc3 d6 7. O-O Be7 8.
f4 O-O 9. Qe1 Qc7 10. Kh1 b5 11. Bf3 Bb7 12. e5 dxe5 13. fxe5 Nfd7 14. Bxb7
Qxb7 15. Qg3 Qc7 16. Bf4 Rd8 17. Rae1 Nc6 18. Bh6 Bf8 19. Nd5 exd5 20. Rxf7
g6 21. Ne6 Qa5 22. Nxd8 Rxd8 23. e6 Bxh6 24. Rxd7 Re8 25. c3 Nd8 26. Qd6 Bg5
27. Qxd5 Qb6 28. Qxg5 {Black resigns} 1-0

[Event "ICC tourney 2545 (5 3)"]
[Site "Internet Chess Club"]
[Date "2021.04.11"]
[Round "4"]
[White "chessrex"]
[Black "leader102938"]
[Result "1-0"]
[ICCResult "Black resigns"]
[WhiteElo "1811"]
[BlackElo "1592"]
[Opening "Blackmar-Diemer gambit"]
[ECO "A45"]
[NIC "QP.07"]
[Time "15:19:42"]
[TimeControl "300+3"]

1. d4 Nf6 2. f3 d5 3. e4 dxe4 4. Nc3 exf3 5. Nxf3 Bf5 6. Ne5 e6 7. g4 Bg6 8.
Qf3 c6 9. g5 Nd5 10. Bd3 Qe7 11. Nxd5 exd5 12. Bxg6 hxg6 13. O-O Qc7 14. h3
Bd6 15. Qxf7+ Qxf7 16. Nxf7 Rxh3 17. Nxd6+ Ke7 18. Bf4 Na6 19. Rae1+ Kd7 20.
Nf7 Nb4 21. Re2 a5 22. a3 Na6 23. Rfe1 {Black resigns} 1-0

[Event "ICC tourney 2545 (5 3)"]
[Site "Internet Chess Club"]
[Date "2021.04.11"]
[Round "4"]
[White "MillzGambit"]
[Black "marazul1"]
[Result "1-0"]
[ICCResult "Black resigns"]
[WhiteElo "1406"]
[BlackElo "1197"]
[Opening "King's pawn game"]
[ECO "C50"]
[NIC "IG.03"]
[Time "15:19:25"]
[TimeControl "300+3"]

1. e4 e5 2. Nf3 Nc6 3. Bc4 Nd4 4. Nxe5 d5 5. Bxd5 Be6 6. Bxe6 Nxe6 7. Nc3 c6
8. d3 Bd6 9. Nc4 Bc7 10. O-O Nf6 11. f4 Nd4 12. Be3 b5 13. Nd2 b4 14. Ne2 c5
15. Nc4 Ng4 16. h3 Nxe3 17. Nxe3 O-O 18. Nd5 Nxe2+ 19. Qxe2 Bd6 20. Rf3 a5
21. Raf1 a4 22. c4 b3 23. a3 Ra7 24. e5 Re8 25. Qf2 Bf8 26. Rg3 Ra6 27. Re1
Ree6 28. f5 Rh6 29. Qe3 Qh4 30. Rg4 Qh5 31. Nf6+ Kh8 32. Nxh5 Rxh5 33. Rf1
g6 34. f6 Bh6 35. Qxc5 Ra8 36. Qd5 Rf8 37. c5 Rg5 38. Rxa4 Rf5 39. Rxf5 gxf5
40. d4 Rg8 41. Qxf7 Be3+ 42. Kf1 Bh6 43. Ra7 {Black resigns} 1-0

[Event "ICC tourney 2545 (5 3)"]
[Site "Internet Chess Club"]
[Date "2021.04.11"]
[Round "4"]
[White "chessplanet"]
[Black "HorseHead"]
[Result "1-0"]
[ICCResult "Black forfeits on time"]
[WhiteElo "1631"]
[BlackElo "1305"]
[Opening "Queen's gambit declined"]
[ECO "D30"]
[NIC "QO.17"]
[Time "15:19:23"]
[TimeControl "300+3"]

1. d4 e6 2. c4 d5 3. Nf3 dxc4 4. e3 b5 5. a4 c6 6. Ne5 f6 7. Qh5+ g6 8. Nxg6
hxg6 9. Qxh8 Nh6 10. Qh7 g5 11. Qg6+ Nf7 12. Be2 Nd7 13. O-O Be7 14. Bh5 Nf8
15. Qxf7+ Kd7 16. b3 cxb3 17. axb5 cxb5 18. Bf3 Rb8 19. Rxa7+ Kd6 20. Nc3
Bd7 21. Ne4+ Kc6 22. Bd2 Kb6 23. Ba5+ Kxa7 24. Bxd8 Rxd8 25. Qxe7 Ng6 26.
Qxd8 {Black forfeits on time} 1-0

[Event "ICC tourney 2545 (5 3)"]
[Site "Internet Chess Club"]
[Date "2021.04.11"]
[Round "4"]
[White "Xuanli28"]
[Black "Guillermito"]
[Result "0-1"]
[ICCResult "White resigns"]
[WhiteElo "1671"]
[BlackElo "3214"]
[Opening "Sicilian: Canal-Sokolsky attack, 3...Bd7"]
[ECO "B52"]
[NIC "SI.01"]
[Time "15:19:54"]
[TimeControl "300+3"]

1. e4 c5 2. Nf3 d6 3. Bb5+ Bd7 4. Bxd7+ Qxd7 5. O-O Nf6 6. Qe2 Nc6 7. c3 e6
8. d4 cxd4 9. cxd4 d5 10. e5 Ne4 11. Be3 Be7 12. Rd1 O-O 13. Ne1 f6 14. f3
Ng5 15. Nd3 Nf7 16. f4 Nh6 17. Qd2 Nf5 18. Nf2 fxe5 19. fxe5 Rac8 20. a3
Nfxd4 21. Bxd4 Nxd4 22. Qxd4 Bc5 23. Qd2 Rxf2 24. Qxf2 Bxf2+ 25. Kxf2 Qb5
26. b4 Qb6+ 27. Ke2 Rf8 28. Nd2 Rf2+ 29. Kd3 Rxg2 30. Nf3 Qb5+ 31. Ke3 Qe2+
{White resigns}
0-1

[Event "ICC tourney 2545 (5 3)"]
[Site "Internet Chess Club"]
[Date "2021.04.11"]
[Round "4"]
[White "ionplayr"]
[Black "iamkenoh"]
[Result "0-1"]
[ICCResult "White disconnected and forfeits"]
[WhiteElo "1151"]
[BlackElo "1513"]
[Opening "KP: Indian opening"]
[ECO "C20"]
[NIC "KP.10"]
[Time "15:20:15"]
[TimeControl "300+3"]

1. e4 e5 2. d3 Nc6 3. Nc3 d6 4. h3 Nf6 5. Nf3 Be7 6. Bg5 h6 7. Bxf6 Bxf6 8.
Nd5 Be6 9. Nxf6+ gxf6 10. Be2 Qe7 11. Nh2 a6 12. Bg4 h5 13. Bxh5 O-O-O 14.
Bg4 Rdg8 15. Bxe6+ fxe6 16. Qf3 Nd4 17. Qd1 Rh7 18. c3 Nc6 19. Qf3 Rhg7 20.
g3 Rd8 21. Ng4 Rf7 22. O-O-O f5 23. exf5 exf5 24. Ne3 f4 25. Qg4+ Kb8 26.
Nd5 Qf8 27. gxf4 exf4 28. Qf3 Ne5 29. Qe4 c6 30. Nb6 f3 31. Na4 Rf4 32. Qe3
Rxa4 33. b3 Rxa2 34. Kb1 Re2 35. Qb6 Nd7 36. Qd4 Qf6 37. Qxf6 Nxf6 38. Rhf1
Rh8 39. Rh1 Nd5 40. Rc1 Rxf2 41. c4 Nb4 42. Rcf1 Rxf1+ 43. Rxf1 Rxh3 44. d4
Nd3 45. Kc2 Nf4 46. Kd2 Ng2 47. Kd3 Kc7 48. Ke4 Nh4 49. d5 cxd5+ 50. cxd5
Rg3 51. Kf4 Rg2 52. Rb1 f2 53. Ke3 Rg1 54. Rf1 Rxf1 55. Ke2 Rb1 56. Kxf2
Rxb3 57. Ke2 a5 {White disconnected and forfeits} 0-1

[Event "ICC tourney 2545 (5 3)"]
[Site "Internet Chess Club"]
[Date "2021.04.11"]
[Round "4"]
[White "marinaxiao"]
[Black "orak"]
[Result "0-1"]
[ICCResult "White resigns"]
[WhiteElo "1368"]
[BlackElo "1619"]
[Opening "Alekhine's defense: exchange variation"]
[ECO "B02"]
[NIC "AL.08"]
[Time "15:19:41"]
[TimeControl "300+3"]

1. e4 Nf6 2. e5 Nd5 3. c4 Nb6 4. d4 d6 5. exd6 exd6 6. Nf3 Bg4 7. Nc3 Be7 8.
Be2 O-O 9. O-O Nc6 10. Be3 d5 11. c5 Nc8 12. a3 Bf6 13. b4 a6 14. h3 Bh5 15.
Qd2 Bg6 16. Rfd1 N8e7 17. Qa2 Qd7 18. b5 axb5 19. Bxb5 Rad8 20. a4 Nf5 21.
Ne5 Qe6 22. Bxc6 bxc6 23. Nxg6 hxg6 24. Re1 Rfe8 25. Bg5 Qxe1+ 26. Rxe1
Rxe1+ 27. Kh2 Bxg5 28. a5 Nxd4 29. a6 Bf6 30. a7 Ree8 31. Na4 Nb5 32. Nb6
cxb6 33. cxb6 Bd4 34. a8=Q Rxa8 35. Qxa8 Rxa8 36. b7 Rb8 37. f4 Rxb7 38. f5
gxf5 39. g4 f4 40. g5 Nd6 41. g6 fxg6 42. h4 Rb3 43. h5 gxh5 44. Kg2 g5 45.
Kh2 g4 46. Kg2 h4 47. Kh2 g3+ 48. Kh3 Bf6 49. Kg2 f3+ 50. Kh3 f2 51. Kg2 Ne4
52. Kf1 h3 {White resigns} 0-1

[Event "ICC tourney 2545 (5 3)"]
[Site "Internet Chess Club"]
[Date "2021.04.11"]
[Round "4"]
[White "romasru"]
[Black "fertigto"]
[Result "1-0"]
[ICCResult "Black forfeits on time"]
[WhiteElo "1328"]
[BlackElo "1299"]
[Opening "Réti: King's Indian attack (Barcza system)"]
[ECO "A07"]
[NIC "QP.09"]
[Time "15:19:56"]
[TimeControl "300+3"]

1. Nf3 d5 2. g3 Nc6 3. Bg2 Bg4 4. h3 Bh5 5. d3 e5 6. Nbd2 Bb4 7. c3 Ba5 8.
b4 Bb6 9. Qa4 Ne7 10. Nxe5 O-O 11. Nef3 Re8 12. O-O a6 13. e4 d4 14. c4 Ng6
15. g4 Bxg4 16. hxg4 Ba7 17. Bb2 b5 18. cxb5 axb5 19. Qxb5
{Black forfeits on time}
1-0

[Event "ICC tourney 2545 (5 3)"]
[Site "Internet Chess Club"]
[Date "2021.04.11"]
[Round "4"]
[White "debarghya1972"]
[Black "checkninja"]
[Result "0-1"]
[ICCResult "White checkmated"]
[WhiteElo "1724"]
[BlackElo "1697"]
[Opening "Sicilian: closed"]
[ECO "B23"]
[NIC "SI.44"]
[Time "15:19:03"]
[TimeControl "300+3"]

1. e4 c5 2. Nc3 d6 3. g3 g6 4. Bg2 Bg7 5. d3 e6 6. Be3 Ne7 7. Qd2 Nbc6 8.
Bh6 O-O 9. h4 f5 10. h5 Bxh6 11. Qxh6 Qe8 12. Nf3 Qf7 13. Ng5 Qg7 14. hxg6
Qxh6 15. gxh7+ Kg7 16. Rxh6 Kxh6 17. f4 Ng6 18. Kd2 Kg7 19. Rh1 Nd8 20. exf5
exf5 21. Bd5 Bd7 22. Rg1 Nf7 23. Nxf7 Rxf7 24. Bxf7 Kxf7 25. Nd5 Rh8 26. Rh1
Kg7 27. Rh5 Be6 28. Nc7 Kf6 29. g4 Nxf4 30. Rh6+ Kg7 31. g5 Bf7 32. Rxd6
Rxh7 33. Rf6 Rh2+ 34. Kc3 Ne2+ 35. Kd2 Nd4+ 36. Ke3 Re2+ 37. Kf4 Rxc2 38.
Ke5 Nc6+ 39. Kd6 Rd2 40. Rxf5 Rxd3+ 41. Kxc5 Bxa2 42. Rf6 Rd2 43. Ne8+ Kg8
44. g6 Rd5# {White checkmated} 0-1

[Event "ICC tourney 2545 (5 3)"]
[Site "Internet Chess Club"]
[Date "2021.04.11"]
[Round "4"]
[White "TjkTiger"]
[Black "PeterOsgood"]
[Result "1-0"]
[ICCResult "Black resigns"]
[WhiteElo "2333"]
[BlackElo "1900"]
[Opening "English, Kramnik-Shirov counterattack"]
[ECO "A21"]
[NIC "EO.23"]
[Time "15:20:46"]
[TimeControl "300+3"]

1. c4 e5 2. Nc3 Bb4 3. Nd5 Bc5 4. e3 c6 5. d4 Bd6 6. dxe5 Bxe5 7. Nf3 d6 8.
Nxe5 dxe5 9. Nc3 Qxd1+ 10. Nxd1 Ne7 11. b3 Be6 12. Ba3 Nd7 13. Nc3 Nf5 14.
Ne4 f6 15. g4 Nh4 16. Nd6+ Kd8 17. Be2 Kc7 18. Ne4 b6 19. Bd6+ Kb7 20. Rg1
c5 21. O-O-O Rad8 22. Be7 Rb8 23. Rd6 {Black resigns} 1-0

[Event "ICC tourney 2545 (5 3)"]
[Site "Internet Chess Club"]
[Date "2021.04.11"]
[Round "4"]
[White "kaps-ak"]
[Black "WestCoastGirl"]
[Result "1-0"]
[ICCResult "Black resigns"]
[WhiteElo "1257"]
[BlackElo "1413"]
[Opening "Queen's pawn, Mason variation"]
[ECO "D00"]
[NIC "QP.08"]
[Time "15:20:52"]
[TimeControl "300+3"]

1. d4 d5 2. Bf4 h5 3. e3 f6 4. h3 g5 5. Bh2 Bf5 6. Bd3 Bxd3 7. Qxd3 Kf7 8.
Qb5 Nd7 9. Qxd5+ e6 10. Qxb7 Rb8 11. Qxa7 Rxb2 12. c3 Qb8 13. Qxb8 Rxb8 14.
Bxc7 Rc8 15. Ba5 Ne7 16. Nd2 Nd5 17. Rc1 N7b6 18. Bxb6 Nxb6 19. Ngf3 Ba3 20.
Rc2 Na4 21. Nb1 Bd6 22. O-O Rc4 23. Rfc1 Rhc8 24. Kf1 Bb4 25. Nbd2 Rxc3 26.
Rxc3 Rxc3 27. Rxc3 Bxc3 28. Nc4 Ke7 29. a3 Kd7 30. Ke2 Kc6 31. Kd3 g4 32.
hxg4 hxg4 33. Nh2 f5 34. f3 gxf3 35. Nxf3 Ba1 36. Nfe5+ Kd5 37. Nd2 Bb2 38.
Ndc4 Ba1 39. g4 Nb2+ 40. Nxb2 fxg4 41. Nxg4 Bxb2 42. a4 Ba3 43. a5 Bd6 44.
a6 Bb8 45. e4+ Kd6 46. Nf6 Ke7 47. Ng4 Kf7 48. Kc4 Kg6 49. Ne5+ Kg5 50. Kb5
Kf4 51. Nc6 {Black resigns} 1-0

[Event "ICC tourney 2545 (5 3)"]
[Site "Internet Chess Club"]
[Date "2021.04.11"]
[Round "4"]
[White "Astigmatist"]
[Black "RoadToFM2007"]
[Result "0-1"]
[ICCResult "White resigns"]
[WhiteElo "1785"]
[BlackElo "1808"]
[Opening "Sicilian defense"]
[ECO "B40"]
[NIC "SI.43"]
[Time "15:19:54"]
[TimeControl "300+3"]

1. e4 c5 2. Nf3 e6 3. g3 d5 4. exd5 exd5 5. Bg2 Nf6 6. O-O Be7 7. d4 O-O 8.
dxc5 Nc6 9. c3 Bxc5 10. Nbd2 Bg4 11. Nb3 Bb6 12. h3 Bh5 13. Re1 Qd7 14. Be3
Bxe3 15. Rxe3 Rad8 16. Nbd4 Ne4 17. Qd3 Rfe8 18. Rae1 h6 19. Nh4 Ne5 20. Qb5
Qxb5 21. Nxb5 Nc4 22. Rd3 Nxb2 23. Rd4 Nf6 24. Rxe8+ Rxe8 25. g4 Bg6 26.
Nxg6 fxg6 27. Nxa7 Re1+ 28. Kh2 Nd1 29. c4 dxc4 30. Rxc4 Re2 31. a4 Rxf2 32.
Kg3 Rxg2+ {White resigns} 0-1

[Event "ICC tourney 2545 (5 3)"]
[Site "Internet Chess Club"]
[Date "2021.04.11"]
[Round "4"]
[White "MrEndron"]
[Black "Heliosis"]
[Result "0-1"]
[ICCResult "White resigns"]
[WhiteElo "1485"]
[BlackElo "1792"]
[Opening "Nimzo-Indian: Leningrad variation"]
[ECO "E30"]
[NIC "NI.25"]
[Time "15:19:46"]
[TimeControl "300+3"]

1. d4 Nf6 2. c4 e6 3. Nc3 Bb4 4. Bg5 c5 5. Nf3 Qa5 6. Qc2 Ne4 7. Bd2 Nxd2 8.
Qxd2 O-O 9. a3 Bxc3 10. Qxc3 Qxc3+ 11. bxc3 b6 12. e3 Nc6 13. Bd3 Ba6 14.
O-O d5 15. Nd2 Na5 16. Rab1 Nxc4 17. Nxc4 dxc4 18. Be4 Rac8 19. Rb2 cxd4 20.
cxd4 c3 21. Rc2 Bxf1 22. Kxf1 a5 23. Ke2 b5 24. Kd3 b4 25. axb4 axb4 26. Bb7
Rb8 27. Ba6 b3 28. Kxc3 bxc2 29. Kxc2 Rb6 30. Bc4 Rc8 31. Kd3 Rbc6 32. Bb5
Rc3+ 33. Ke2 f5 34. Ba6 Ra8 35. Bb7 Ra2+ 36. Kf3 Rcc2 37. Kf4 Rxf2+ 38. Ke5
Kf7 39. Bc8 Ra5+ 40. Kd6 Rd5+ 41. Kc6 Rc2+ 42. Kb7 Rb5+ 43. Ka6 Rb1 44. Ka7
Rxc8 {White resigns} 0-1

[Event "ICC tourney 2545 (5 3)"]
[Site "Internet Chess Club"]
[Date "2021.04.11"]
[Round "4"]
[White "Boruoh"]
[Black "tmrs"]
[Result "0-1"]
[ICCResult "White resigns"]
[WhiteElo "1297"]
[BlackElo "1624"]
[Opening "Réti opening"]
[ECO "A09"]
[NIC "QP.09"]
[Time "15:19:24"]
[TimeControl "300+3"]

1. Nf3 d5 2. c4 Nf6 3. cxd5 Nxd5 4. e4 Nf6 5. e5 Nd5 6. d4 Bg4 7. Bc4 e6 8.
O-O Be7 9. Qb3 Nb6 10. Bb5+ c6 11. Bd3 Bxf3 12. gxf3 Qxd4 13. Be3 Qxe5 14.
f4 Qh5 15. Nd2 N8d7 16. Nf3 Qxf3 17. Qc2 Nf6 18. Be2 Qh3 19. Rad1 Ng4 20.
Bxg4 Qxg4+ 21. Kh1 Qf3+ 22. Kg1 O-O 23. Rfe1 Nd5 24. Qe2 Qxe2 25. Rxe2 Nxe3
26. fxe3 Rad8 27. Red2 Rxd2 28. Rxd2 Rd8 29. Rxd8+ Bxd8 30. Kf2 g6 31. Kf3
h5 32. Ke4 Kg7 33. h3 Kf6 34. b3 Bc7 35. Kd4 g5 36. fxg5+ Kxg5 37. Ke4 Kh4
38. Kf3 Kxh3 39. e4 Kh4 40. a4 Kg5 41. Kg2 Kf4 42. Kh3 Kxe4 43. Kh4 f5
{White resigns}
0-1

[Event "ICC tourney 2545 (5 3)"]
[Site "Internet Chess Club"]
[Date "2021.04.11"]
[Round "4"]
[White "B9"]
[Black "Rsalvio"]
[Result "1-0"]
[ICCResult "Black checkmated"]
[WhiteElo "1793"]
[BlackElo "1428"]
[Opening "Queen's pawn game"]
[ECO "D05"]
[NIC "QO.17"]
[Time "15:20:12"]
[TimeControl "300+3"]

1. d4 e6 2. Nf3 d5 3. e3 Nf6 4. b3 c5 5. Bb2 Nc6 6. Nbd2 Bd6 7. c4 O-O 8.
Rc1 Qe7 9. Be2 e5 10. dxc5 Bxc5 11. cxd5 Nxd5 12. O-O Bg4 13. Ne4 Rad8 14.
Nxc5 e4 15. Nd4 Bxe2 16. Qxe2 Nxd4 17. Bxd4 b6 18. Na4 Rd6 19. Nc3 Nb4 20.
Qc4 Rc6 21. Nd5 Qe6 22. Qxb4 Rxc1 23. Ne7+ Kh8 24. Rxc1 f5 25. Ng6+ hxg6 26.
Qxf8+ Kh7 27. Qxg7# {Black checkmated} 1-0

[Event "ICC tourney 2545 (5 3)"]
[Site "Internet Chess Club"]
[Date "2021.04.11"]
[Round "4"]
[White "justlucky"]
[Black "Bushchess"]
[Result "0-1"]
[ICCResult "White checkmated"]
[WhiteElo "1274"]
[BlackElo "1550"]
[Opening "Caro-Kann defense"]
[ECO "B12"]
[NIC "CK.01"]
[Time "15:19:13"]
[TimeControl "300+3"]

1. e4 c6 2. d4 g6 3. c4 Bg7 4. Nc3 d6 5. Nf3 Nd7 6. Be2 e5 7. d5 c5 8. O-O
Ne7 9. Qc2 O-O 10. Rb1 h6 11. b4 cxb4 12. Rxb4 Nc5 13. Ba3 b6 14. Rbb1 f5
15. Bxc5 bxc5 16. exf5 gxf5 17. Nd2 e4 18. f3 e3 19. Nb3 f4 20. g3 Nf5 21.
gxf4 Qh4 22. Qc1 Rf6 23. Qe1 Rg6+ 24. Kh1 Ng3+ 25. Qxg3 Rxg3 26. Rg1 Rxg1+
27. Rxg1 Kh8 28. Ne4 Qxf4 29. Nc1 Be5 30. Ng3 Bf5 31. Nh5 Qxh2#
{White checkmated}
0-1

[Event "ICC tourney 2545 (5 3)"]
[Site "Internet Chess Club"]
[Date "2021.04.11"]
[Round "4"]
[White "JustInIt"]
[Black "evorg"]
[Result "1-0"]
[ICCResult "Black resigns"]
[WhiteElo "1428"]
[BlackElo "1532"]
[Opening "Latvian counter-gambit"]
[ECO "C40"]
[NIC "KP.09"]
[Time "15:20:12"]
[TimeControl "300+3"]

1. e4 e5 2. Nf3 f5 3. Nxe5 Qf6 4. d4 d6 5. Nc4 fxe4 6. Nc3 Qf7 7. Ne3 c6 8.
Nxe4 d5 9. Ng5 Qg6 10. Nf3 Bd6 11. Bd3 Qf6 12. Qe2 Ne7 13. Bd2 Be6 14. Bc3
Nd7 15. Qd2 O-O-O 16. Bb4 Nb6 17. Bxd6 Rxd6 18. O-O-O Nf5 19. Nxf5 Bxf5 20.
Rhe1 Bxd3 21. Qxd3 Nd7 22. Qe3 Kd8 23. Qg5 Qxg5+ 24. Nxg5 Rf6 25. f3 h6 26.
Ne6+ Kc8 27. Nxg7 Rg8 28. Nh5 Rf5 29. Ng3 Rfg5 30. Re7 h5 31. Rh7 Nf6 32.
Rh6 Rf8 33. Re1 Kd7 34. Re2 b6 35. Nf1 Ne8 36. Rh7+ Rg7 37. Rxg7+ Nxg7 38.
Kd2 Re8 39. Rxe8 Kxe8 40. Ng3 h4 41. Nf1 Nf5 42. Kd3 Kf7 43. Ne3 Nh6 44. c4
dxc4+ 45. Nxc4 Kf6 46. Ke4 {Black resigns} 1-0